 Dungeon Crawl Stone Soup version 0.22-a0-274-gf8199ec (webtiles) character file.

19684 tidbits the Martial Artist (level 12, -2/101 HPs)
             Began as a Gnoll Transmuter on Mar 13, 2018.
             Was an Elder of Cheibriados.
             Slain by an orc warlord
             ... wielding a +3 long sword of holy wrath
              (34 damage)
             ... on level 2 of the Orcish Mines on Mar 14, 2018.
             The game lasted 00:51:53 (4175 turns).

tidbits the Martial Artist (Gnoll Transmuter)       Turns: 4175, Time: 00:51:54

Health: -2/101     AC: 12    Str: 23    XL:     12   Next: 71%
Magic:  6/25       EV: 24    Int: 32    God:    Cheibriados [****..]
Gold:   1566       SH:  8    Dex: 32    Spells: 7/29 levels left

rFire    x . .     SeeInvis .   a - +1 dagger (pain)
rCold    . . .     Gourm    .   D - +0 buckler
rNeg     . . .     Faith    .   O - +3 leather armour of Going Fast {rF- Int+2 Dex+6}
rPois    .         Spirit   .   E - +2 hat
rElec    .         Reflect  .   C - +1 cloak
rCorr    .         Harm     .   G - +0 pair of gloves
MR       .....                  (no boots)
Stlth    ++++......             R - amulet of regeneration
HPRegen  0.00/turn              W - ring of wizardry
MPRegen  0.19/turn              (no ring)

@: very slow
A: distributed training, fangs 1, repulsion field 1, robust 1, inhibited
regeneration, strong nose
a: Bend Time, Temporal Distortion, Slouch, Renounce Religion


You were on level 2 of the Orcish Mines.
You worshipped Cheibriados.
Cheibriados was greatly pleased with you.
You were not hungry.

You visited 3 branches of the dungeon, and saw 17 of its levels.
You also visited: Ossuary, Bailey and Ice Cave.

You collected 1664 gold pieces.
You spent 98 gold pieces at shops.

Inventory:

Hand Weapons
 a - a +1 dagger of pain (weapon)
   (You took it off an orc wizard on level 14 of the Dungeon)
 b - a +0 hunting sling
 J - a +0 flail of holy wrath
   (You took it off an orc on level 9 of the Dungeon)
 Q - a +4 morningstar
 U - a +0 dagger
Missiles
 f - 148 arrows
 g - 36 stones
 s - 17 tomahawks
 x - 56 sling bullets
 z - a tomahawk of dispersal {!f}
 I - 2 curare-tipped needles
 M - 50 tomahawks of returning (quivered)
Armour
 r - a +0 helmet
 y - a cursed -1 ring mail
 C - a +1 cloak (worn)
 D - a +0 buckler (worn)
 E - a +2 hat (worn)
 G - a +0 pair of gloves (worn)
 N - a cursed +0 ring mail
 O - the +3 leather armour of Going Fast (worn) {rF- Int+2 Dex+6}
   (You found it in a bailey)

   It affects your intelligence (+2).
   It affects your dexterity (+6).
   It makes you vulnerable to fire.
Jewellery
 R - an amulet of regeneration (around neck)
   (You found it on level 6 of the Dungeon)
 W - a ring of wizardry (left hand)
   (You found it on level 13 of the Dungeon)
Wands
 p - a wand of paralysis (36)
 w - a wand of clouds (2)
 F - a wand of iceblast (17)
 H - a wand of flame (17)
Scrolls
 d - 3 scrolls of remove curse
 h - a scroll of enchant weapon
 l - 5 scrolls of amnesia
 t - 6 scrolls of teleportation
 A - a scroll of silence
 L - a scroll of vulnerability {unknown}
 S - a scroll of fear {unknown}
Potions
 e - 2 potions of heal wounds
 j - 3 potions of curing {unknown}
 k - a potion of lignification {unknown}
 m - 4 potions of degeneration {unknown}
 o - 2 potions of ambrosia
 u - 5 potions of haste
 v - a potion of invisibility
 K - a potion of cancellation
 P - 2 potions of brilliance
Miscellaneous
 T - a sack of spiders
Comestibles
 c - 16 rations


   Skills:
 + Level 7.9 Fighting
 + Level 7.4 Short Blades
 + Level 7.4 Long Blades
 + Level 7.4 Axes
 + Level 7.4 Maces & Flails
 + Level 7.4 Polearms
 + Level 7.4 Staves
 + Level 7.4 Slings
 + Level 7.4 Bows
 + Level 7.4 Crossbows
 + Level 7.4 Throwing
 + Level 7.4 Armour
 + Level 8.8 Dodging
 + Level 7.4 Stealth
 + Level 7.4 Shields
 + Level 9.9 Unarmed Combat
 + Level 9.0 Spellcasting
 + Level 6.1 Conjurations
 + Level 6.1 Hexes
 + Level 6.1 Charms
 + Level 6.1 Summonings
 + Level 6.1 Necromancy
 + Level 6.1 Translocations
 + Level 7.3 Transmutations
 + Level 6.1 Fire Magic
 + Level 6.1 Ice Magic
 + Level 6.1 Air Magic
 + Level 6.1 Earth Magic
 + Level 6.1 Poison Magic
 + Level 8.1 Invocations
 + Level 7.4 Evocations


You had 7 spell levels left.
You knew the following spells:

 Your Spells              Type           Power        Failure   Level  Hunger
e - Beastly Appendage     Tmut           ######       1%          1    None
h - Blade Hands           Tmut           ######....   1%          5    ###....
i - Ice Form              Ice/Tmut       ######..     1%          4    None
k - Sticks to Snakes      Tmut           ######..     1%          2    None
n - Animate Skeleton      Necr           N/A          1%          1    None
p - Spider Form           Tmut/Pois      ######....   1%          3    None
r - Regeneration          Chrm/Necr      ######....   1%          3    None
y - Song of Slaying       Chrm           ######..     1%          2    None
A - Apportation           Tloc           ######       1%          1    None


Dungeon Overview and Level Annotations

Branches:
Dungeon (14/15)            Temple (1/1) D:6            Lair (0/6) D:11
    Orc (2/2) D:12
    Elf: Orc:2       Vaults: D:13-14

Altars:
Ashenzari
Cheibriados
Dithmenos
Fedhas
Gozag
Hepliaklqana
Kikubaaqudgha
Makhleb
Nemelex Xobeh
Okawaru
Qazlal
Ru
Sif Muna
Trog
Vehumet
Wu Jian
Yredelemnul
Zin
The Shining One
Beogh

Shops:
D:4 *   D:6 }   D:14 %

Annotations:
D:3 tidbits's ghost, weakling GnTm
Orc:2 Slobodan's ghost, journeyman TrMo


Innate Abilities, Weirdness & Mutations

Your experience applies equally to all skills.
You have very sharp teeth.
Your uncanny sense of smell can sniff out nearby items.
You are surrounded by a mild repulsion field. (EV +2)
You are robust. (+10% HP)
You do not regenerate when monsters are visible.


Message History

The orc warlord hits you with an enchanted great sword!
* * * LOW HITPOINT WARNING * * *
Unknown command.
You hit the orc warlord.
You bite the orc warlord, but do no damage.
The orc warlord is almost dead.
Your adder bites the orc warlord but does no damage.
Your adder bites the orc warlord.
Your adder barely misses the orc.
The orc warlord roars a battlecry!
The orcs go into a battle-frenzy!
The orc closely misses your adder.
An orc comes into view.
You shred the orc warlord!!!
You kill the orc warlord!
Cheibriados appreciates the change of pace.
Your adder barely misses the orc.
Unknown command.
Your hands revert to their normal proportions.
Your +1 dagger of pain unmelds from your body.
Your +0 pair of gloves unmelds from your body.
Your +0 buckler unmelds from your body.
Pain shudders through your arm!
Your adder bites the orc.
Your adder bites the orc but does no damage.
An orc comes into view. It is wielding a war axe.
You hit the orc.
The orc writhes in agony.
The orc is severely wounded.
Your adder closely misses the orc.
Your adder bites the orc but does no damage.
The orc misses you.
An orc priest comes into view. It is wielding a short sword.
Your adder misses the orc.
Your adder bites the orc.
The orc dies!
Cheibriados thoroughly appreciates the change of pace.
The orc wizard hits your adder with a dagger.
Your adder bites the orc wizard but does no damage.
Your adder barely misses the orc wizard. x2
The orc wizard casts a spell.
The orc wizard flickers and vanishes!
Unknown command.
Okay, then.
Unknown command.
Unknown command.
What are your orders? t - Bark!
Orders for allies: a - Attack new target. r - Retreat! s - Stop attacking. g - Guard the area. f - Follow me.
Anything else - Cancel.
Gang up on whom?
Press: ? - help, Dir - move target cursor, f - orc warlord
Aim: an orc warlord, wielding a long sword of holy wrath and wearing a plate armour (lightly wounded, unusually strong) Attack!
The orc no longer looks unusually strong.
Your adder barely misses something.
Your adder bites the orc warlord but does no damage.
The orc warlord roars a battlecry!
The orc goes into a battle-frenzy!
Something hits your adder.
Your adder dies!
Your adder barely misses the orc warlord.
Unknown command.
Evoke which item? (* to show all) (? for menu, Esc to quit)
Aiming: Iceblast
Press: ? - help, Shift-Dir - straight line, f/p - orc warlord
Aim: an orc warlord, wielding a long sword of holy wrath and wearing a plate armour (lightly wounded, unusually strong) Really fire at your adder?
The mass of ice explodes!
The iceblast engulfs something.
Cheibriados appreciates the change of pace.
You feel a bit more experienced.
The iceblast engulfs the orc warlord.
The orc warlord is moderately wounded.
The iceblast engulfs your adder.
Your adder is almost dead.
The iceblast engulfs your adder.
You kill your adder!
Unknown command.
Evoke which item? (* to show all) (? for menu, Esc to quit)
Aiming: Iceblast
Press: ? - help, Shift-Dir - straight line, f/p - orc warlord
Aim: an orc warlord, wielding a long sword of holy wrath and wearing a plate armour (moderately wounded, unusually strong)
Okay, then.
You can feel time thicken for a moment.
You kill the adder!
You kill the orc!
Cheibriados thoroughly appreciates the change of pace.
You kill the orc!
Cheibriados thoroughly appreciates the change of pace.
You kill the orc!
Cheibriados thoroughly appreciates the change of pace.
You kill the orc priest!
Cheibriados appreciates the change of pace.
You feel somewhat more hungry.
You can no longer step out of the time flow.
Cheibriados lowers the support of your attributes as your movement quickens.
Unknown command.
Evoke which item? (* to show all) (? for menu, Esc to quit)
Aiming: Paralyse
Press: ? - help, Shift-Dir - straight line, f/p - orc warlord
Aim: an orc warlord, wielding a long sword of holy wrath and wearing a plate armour (heavily wounded, unusually strong, chance to defeat MR: 32%)
The orc warlord easily resists.
The orc warlord hits you with a long sword of holy wrath!!
You die...

.. ### ...# #.##
.#... ### ...#
.....####.## #..##
......#.... #...#
..........## ###..#
...........###....#
........@...#....#
......)o...##....#
......)......#)..##
.........)...)....#
...$)$...).....#.##
........)..........##
...................##
..................##
...................##


You could see an orc warlord.

Vanquished Creatures
  Gastronok (D:11)
  An orc warlord (Orc:2)
  A hydra (D:11)
  7 death yaks (D:11)
  An unseen horror (D:10)
  Pikel (D:5)
  An orc sorcerer (Orc:2)
  3 ugly things
  2 cyclopes
  A centaur zombie (D:6)
  2 ice statues (IceCv)
  A komodo dragon (D:12)
  2 rime drakes (D:14)
  A troll (D:14)
  A hornet (D:12)
  A spriggan (D:9)
  A wyvern (D:14)
  A warg (Orc:2)
  A soldier ant (D:10)
  An acid dragon (D:11)
  9 ice beasts
  20 orc warriors
  A sky beast (D:5)
  3 slaves (D:5)
  An eye of draining (D:14)
  2 necrophages
  2 ogres (Orc:2)
  2 centaurs (D:7)
  3 bullfrogs
  A wyvern zombie (D:6)
  A scorpion (D:4)
  5 killer bees (D:9)
  8 wights
  4 crimson imps
  2 howler monkeys
  A bullfrog zombie (D:9)
  2 hounds
  A quasit (D:6)
  12 orc priests
  2 jellies
  A bullfrog skeleton (D:11)
  A centaur skeleton (D:10)
  An iguana (D:8)
  Crazy Yiuf (D:2)
  16 orc wizards
  5 worker ants
  A hound skeleton (D:10)
  8 mummies (Ossuary)
  8 adders
  2 gnolls (Bailey)
  2 howler monkey skeletons
  A shadow imp (D:9)
  An adder zombie (D:7)
  A worm (D:5)
  6 leopard geckos
  41 orcs
  15 giant cockroaches
  A gnoll zombie (Ossuary)
  5 goblins
  6 hobgoblins
  2 jackals (D:7)
  22 kobolds
  A quokka (D:9)
  11 bats
  4 frilled lizards
  2 hobgoblin zombies (Ossuary)
  A jackal skeleton (D:3)
  3 kobold zombies (Ossuary)
  A leopard gecko zombie (D:9)
  2 orc zombies (Ossuary)
  2 rats (D:2)
287 creatures vanquished.

Vanquished Creatures (collateral kills)
  A hippogriff (D:11)
  A hungry ghost (D:10)
  A scorpion (D:6)
  A crimson imp (D:11)
  A worker ant (D:11)
  A hound skeleton (D:11)
  An adder (D:5)
  5 orcs
  A quokka (D:4)
  A quokka skeleton (D:7)
14 creatures vanquished.

Vanquished Creatures (others)
  A bullfrog skeleton (D:5)
1 creature vanquished.

Grand Total: 302 creatures vanquished

Notes
Turn   | Place    | Note
-------+----------+-------------------------------------------
     0 | D:1      | tidbits the Gnoll Transmuter began the quest for the Orb.
     0 | D:1      | Reached XP level 1. HP: 17/17 MP: 6/6
    77 | D:1      | Reached XP level 2. HP: 11/23 MP: 7/7
    86 | D:1      | Learned a level 2 spell: Sticks to Snakes
    93 | D:1      | Found a glowing golden altar of the Shining One.
   223 | D:2      | Reached XP level 3. HP: 23/28 MP: 9/9
   229 | D:2      | Reached skill level 5 in Spellcasting
   245 | D:2      | Learned a level 3 spell: Spider Form
   277 | D:2      | Reached skill level 1 in Invocations
   404 | D:2      | Found a runed door.
   411 | D:2      | Noticed Crazy Yiuf
   422 | D:2      | Killed Crazy Yiuf
   422 | D:2      | Reached skill level 1 in Short Blades
   422 | D:2      | Reached skill level 1 in Long Blades
   422 | D:2      | Reached skill level 1 in Axes
   422 | D:2      | Reached skill level 1 in Maces & Flails
   422 | D:2      | Reached skill level 1 in Polearms
   422 | D:2      | Reached skill level 1 in Staves
   422 | D:2      | Reached skill level 1 in Slings
   422 | D:2      | Reached skill level 1 in Bows
   422 | D:2      | Reached skill level 1 in Crossbows
   422 | D:2      | Reached skill level 1 in Throwing
   422 | D:2      | Reached skill level 1 in Armour
   422 | D:2      | Reached skill level 1 in Stealth
   422 | D:2      | Reached skill level 1 in Shields
   422 | D:2      | Reached skill level 1 in Evocations
   422 | D:2      | Reached XP level 4. HP: 34/34 MP: 4/11
   500 | D:2      | Reached skill level 1 in Conjurations
   500 | D:2      | Reached skill level 1 in Hexes
   500 | D:2      | Reached skill level 1 in Charms
   500 | D:2      | Reached skill level 1 in Summonings
   500 | D:2      | Reached skill level 1 in Necromancy
   500 | D:2      | Reached skill level 1 in Translocations
   500 | D:2      | Reached skill level 1 in Fire Magic
   500 | D:2      | Reached skill level 1 in Ice Magic
   500 | D:2      | Reached skill level 1 in Air Magic
   500 | D:2      | Reached skill level 1 in Earth Magic
   500 | D:2      | Reached skill level 1 in Poison Magic
   561 | D:3      | Reached XP level 5. HP: 32/40 MP: 1/12
   625 | D:3      | Noticed tidbits's ghost (weakling GnTm)
   647 | D:4      | Reached skill level 3 in Fighting
   663 | D:4      | Reached skill level 4 in Transmutations
   810 | D:4      | Found Oxuytaqu's Assorted Antiques.
   817 | D:4      | Bought a purple potion for 30 gold pieces
   817 | D:4      | Bought a scroll labeled DUH IBEUQIG for 34 gold pieces
   817 | D:4      | Bought a scroll labeled DUH IBEUQIG for 34 gold pieces
   911 | D:4      | Reached skill level 2 in Invocations
   911 | D:4      | Reached XP level 6. HP: 23/47 MP: 6/13
   984 | D:5      | Entered Level 5 of the Dungeon
  1029 | D:5      | Gained mutation: You expend magic power (3 MP) to strengthen your wands. [potion of mutation]
  1029 | D:5      | Gained mutation: You are somewhat resistant to further mutation. [potion of mutation]
  1089 | D:5      | Noticed an ice beast
  1104 | D:5      | Killed an ice beast
  1104 | D:5      | Reached skill level 2 in Short Blades
  1104 | D:5      | Reached skill level 2 in Long Blades
  1104 | D:5      | Reached skill level 2 in Axes
  1104 | D:5      | Reached skill level 2 in Maces & Flails
  1104 | D:5      | Reached skill level 2 in Polearms
  1104 | D:5      | Reached skill level 2 in Staves
  1104 | D:5      | Reached skill level 2 in Slings
  1104 | D:5      | Reached skill level 2 in Bows
  1104 | D:5      | Reached skill level 2 in Crossbows
  1104 | D:5      | Reached skill level 2 in Throwing
  1104 | D:5      | Reached skill level 2 in Armour
  1104 | D:5      | Reached skill level 5 in Dodging
  1104 | D:5      | Reached skill level 2 in Stealth
  1104 | D:5      | Reached skill level 2 in Shields
  1104 | D:5      | Reached skill level 2 in Evocations
  1151 | D:5      | Noticed a slave
  1151 | D:5      | Noticed a slave
  1153 | D:5      | Noticed a slave
  1159 | D:5      | Killed a slave
  1168 | D:5      | Killed a slave
  1169 | D:5      | Noticed Pikel
  1171 | D:5      | Noticed a slave
  1179 | D:5      | Killed a slave
  1194 | D:5      | Killed Pikel
  1194 | D:5      | Reached skill level 7 in Unarmed Combat
  1194 | D:5      | Reached skill level 2 in Conjurations
  1194 | D:5      | Reached skill level 2 in Hexes
  1194 | D:5      | Reached skill level 2 in Charms
  1194 | D:5      | Reached skill level 2 in Summonings
  1194 | D:5      | Reached skill level 2 in Necromancy
  1194 | D:5      | Reached skill level 2 in Translocations
  1194 | D:5      | Reached skill level 2 in Fire Magic
  1194 | D:5      | Reached skill level 2 in Ice Magic
  1194 | D:5      | Reached skill level 2 in Air Magic
  1194 | D:5      | Reached skill level 2 in Earth Magic
  1194 | D:5      | Reached skill level 2 in Poison Magic
  1194 | D:5      | Reached skill level 3 in Invocations
  1194 | D:5      | Reached XP level 7. HP: 52/53 MP: 4/15
  1245 | D:5      | Reached XP level 8. HP: 55/60 MP: 0/16
  1271 | D:5      | Found a sand-covered staircase.
  1278 | Ossuary  | Entered an ossuary
  1330 | Ossuary  | Reached skill level 4 in Fighting
  1430 | Ossuary  | Lost mutation: You expend magic power (3 MP) to strengthen your wands. [potion of mutation]
  1430 | Ossuary  | Lost mutation: You are somewhat resistant to further mutation. [potion of mutation]
  1430 | Ossuary  | Gained mutation: You possess an exceptional clarity of mind. [potion of mutation]
  1430 | Ossuary  | Gained mutation: You do not regenerate when monsters are visible. [potion of mutation]
  1430 | Ossuary  | Gained mutation: Your spells are a little harder to cast, but a little more powerful. [potion of mutation]
  1430 | Ossuary  | Gained mutation: Your spells are harder to cast, but more powerful. [potion of mutation]
  1462 | D:5      | Reached skill level 3 in Short Blades
  1462 | D:5      | Reached skill level 3 in Long Blades
  1462 | D:5      | Reached skill level 3 in Axes
  1462 | D:5      | Reached skill level 3 in Maces & Flails
  1462 | D:5      | Reached skill level 3 in Polearms
  1462 | D:5      | Reached skill level 3 in Staves
  1462 | D:5      | Reached skill level 3 in Slings
  1462 | D:5      | Reached skill level 3 in Bows
  1462 | D:5      | Reached skill level 3 in Crossbows
  1462 | D:5      | Reached skill level 3 in Throwing
  1462 | D:5      | Reached skill level 3 in Armour
  1462 | D:5      | Reached skill level 3 in Stealth
  1462 | D:5      | Reached skill level 3 in Shields
  1462 | D:5      | Reached skill level 3 in Evocations
  1529 | D:6      | Found a staircase to the Ecumenical Temple.
  1538 | Temple   | Entered the Ecumenical Temple
  1655 | Temple   | Became a worshipper of Cheibriados the Contemplative
  1706 | D:6      | Reached skill level 6 in Spellcasting
  1778 | D:6      | Reached skill level 3 in Conjurations
  1778 | D:6      | Reached skill level 3 in Hexes
  1778 | D:6      | Reached skill level 3 in Charms
  1778 | D:6      | Reached skill level 3 in Summonings
  1778 | D:6      | Reached skill level 3 in Necromancy
  1778 | D:6      | Reached skill level 3 in Translocations
  1778 | D:6      | Reached skill level 3 in Fire Magic
  1778 | D:6      | Reached skill level 3 in Ice Magic
  1778 | D:6      | Reached skill level 3 in Air Magic
  1778 | D:6      | Reached skill level 3 in Earth Magic
  1778 | D:6      | Reached skill level 3 in Poison Magic
  1778 | D:6      | Reached skill level 4 in Invocations
  1818 | D:7      | Reached skill level 6 in Dodging
  1818 | D:7      | Reached XP level 9. HP: 55/66 MP: 15/18
  1844 | D:7      | Reached skill level 5 in Transmutations
  2051 | D:6      | Reached * piety under Cheibriados
  2051 | D:6      | Reached skill level 4 in Short Blades
  2051 | D:6      | Reached skill level 4 in Long Blades
  2051 | D:6      | Reached skill level 4 in Axes
  2051 | D:6      | Reached skill level 4 in Maces & Flails
  2051 | D:6      | Reached skill level 4 in Polearms
  2051 | D:6      | Reached skill level 4 in Staves
  2051 | D:6      | Reached skill level 4 in Slings
  2051 | D:6      | Reached skill level 4 in Bows
  2051 | D:6      | Reached skill level 4 in Crossbows
  2051 | D:6      | Reached skill level 4 in Throwing
  2051 | D:6      | Reached skill level 4 in Armour
  2051 | D:6      | Reached skill level 4 in Stealth
  2051 | D:6      | Reached skill level 4 in Shields
  2051 | D:6      | Reached skill level 4 in Evocations
  2101 | D:6      | Found Uzus Ut Gyst's Gadget Emporium.
  2176 | D:8      | Found an iron altar of Okawaru.
  2176 | D:8      | Found a shattered altar of Ashenzari.
  2202 | D:8      | Found a stormy altar of Qazlal.
  2202 | D:8      | Found a blossoming altar of Fedhas.
  2266 | D:9      | Found an ancient bone altar of Kikubaaqudgha.
  2329 | D:9      | Reached skill level 5 in Fighting
  2400 | D:10     | Entered Level 10 of the Dungeon
  2428 | D:10     | Found a shattered altar of Ashenzari.
  2449 | D:10     | Found a deep blue altar of Sif Muna.
  2497 | D:9      | Found a radiant altar of Vehumet.
  2504 | D:9      | Reached ** piety under Cheibriados
  2529 | D:9      | Reached skill level 8 in Unarmed Combat
  2574 | D:9      | Learned a level 1 spell: Apportation
  2580 | D:9      | Learned a level 5 spell: Blade Hands
  2677 | D:9      | Learned a level 3 spell: Regeneration
  2758 | D:10     | Reached skill level 5 in Invocations
  2851 | D:10     | Reached XP level 10. HP: 74/74 MP: 14/20
  2881 | D:10     | Reached skill level 7 in Spellcasting
  2888 | D:10     | Killed an unseen horror
  2888 | D:10     | Reached skill level 4 in Conjurations
  2888 | D:10     | Reached skill level 4 in Hexes
  2888 | D:10     | Reached skill level 4 in Charms
  2888 | D:10     | Reached skill level 4 in Summonings
  2888 | D:10     | Reached skill level 4 in Necromancy
  2888 | D:10     | Reached skill level 4 in Translocations
  2888 | D:10     | Reached skill level 4 in Fire Magic
  2888 | D:10     | Reached skill level 4 in Ice Magic
  2888 | D:10     | Reached skill level 4 in Air Magic
  2888 | D:10     | Reached skill level 4 in Earth Magic
  2888 | D:10     | Reached skill level 4 in Poison Magic
  2894 | D:10     | Lost mutation: You possess an exceptional clarity of mind. [potion of mutation]
  2894 | D:10     | Lost mutation: Your spells are harder to cast, but more powerful. [potion of mutation]
  2894 | D:10     | Lost mutation: Your spells are a little harder to cast, but a little more powerful. [potion of mutation]
  2894 | D:10     | Gained mutation: You are robust. (+10% HP) [potion of mutation]
  2894 | D:10     | Gained mutation: You are surrounded by a mild repulsion field. (EV +2) [potion of mutation]
  2929 | D:11     | Reached skill level 5 in Short Blades
  2929 | D:11     | Reached skill level 5 in Long Blades
  2929 | D:11     | Reached skill level 5 in Axes
  2929 | D:11     | Reached skill level 5 in Maces & Flails
  2929 | D:11     | Reached skill level 5 in Polearms
  2929 | D:11     | Reached skill level 5 in Staves
  2929 | D:11     | Reached skill level 5 in Slings
  2929 | D:11     | Reached skill level 5 in Bows
  2929 | D:11     | Reached skill level 5 in Crossbows
  2929 | D:11     | Reached skill level 5 in Throwing
  2929 | D:11     | Reached skill level 5 in Armour
  2929 | D:11     | Reached skill level 5 in Stealth
  2929 | D:11     | Reached skill level 5 in Shields
  2929 | D:11     | Reached skill level 5 in Evocations
  2930 | D:11     | Noticed a seven-headed hydra
  2937 | D:11     | Killed a seven-headed hydra
  2937 | D:11     | Reached skill level 7 in Dodging
  2942 | D:11     | Learned a level 1 spell: Animate Skeleton
  2983 | D:11     | Reached *** piety under Cheibriados
  3085 | D:11     | Noticed a white ugly thing
  3092 | D:11     | HP: 4/83 [white ugly thing (15)]
  3095 | D:11     | Killed a white ugly thing
  3095 | D:11     | Reached skill level 6 in Fighting
  3103 | D:11     | Found a staircase to the Lair.
  3103 | D:11     | Noticed a death yak
  3113 | D:11     | Noticed a cyclops
  3114 | D:11     | Noticed Gastronok
  3114 | D:11     | Noticed a death yak
  3114 | D:11     | Noticed a death yak
  3115 | D:11     | Noticed a death yak
  3115 | D:11     | Noticed a death yak
  3116 | D:11     | Noticed a death yak
  3120 | D:11     | Noticed a death yak
  3120 | D:11     | Killed a death yak
  3120 | D:11     | Reached skill level 6 in Transmutations
  3120 | D:11     | Reached skill level 6 in Invocations
  3125 | D:11     | HP: 6/83 [death yak (17)]
  3126 | D:11     | Killed a cyclops
  3128 | D:11     | Killed a death yak
  3128 | D:11     | Reached XP level 11. HP: 24/91 MP: 9/22
  3130 | D:11     | Killed a death yak
  3132 | D:11     | Killed a death yak
  3132 | D:11     | Reached skill level 6 in Short Blades
  3132 | D:11     | Reached skill level 6 in Long Blades
  3132 | D:11     | Reached skill level 6 in Axes
  3132 | D:11     | Reached skill level 6 in Maces & Flails
  3132 | D:11     | Reached skill level 6 in Polearms
  3132 | D:11     | Reached skill level 6 in Staves
  3132 | D:11     | Reached skill level 6 in Slings
  3132 | D:11     | Reached skill level 6 in Bows
  3132 | D:11     | Reached skill level 6 in Crossbows
  3132 | D:11     | Reached skill level 6 in Throwing
  3132 | D:11     | Reached skill level 6 in Armour
  3132 | D:11     | Reached skill level 6 in Stealth
  3132 | D:11     | Reached skill level 6 in Shields
  3132 | D:11     | Reached skill level 9 in Unarmed Combat
  3132 | D:11     | Reached skill level 5 in Conjurations
  3132 | D:11     | Reached skill level 5 in Hexes
  3132 | D:11     | Reached skill level 5 in Charms
  3132 | D:11     | Reached skill level 5 in Summonings
  3132 | D:11     | Reached skill level 5 in Necromancy
  3132 | D:11     | Reached skill level 5 in Translocations
  3132 | D:11     | Reached skill level 5 in Fire Magic
  3132 | D:11     | Reached skill level 5 in Ice Magic
  3132 | D:11     | Reached skill level 5 in Air Magic
  3132 | D:11     | Reached skill level 5 in Earth Magic
  3132 | D:11     | Reached skill level 5 in Poison Magic
  3132 | D:11     | Reached skill level 6 in Evocations
  3133 | D:11     | Killed a death yak
  3133 | D:11     | Reached skill level 8 in Spellcasting
  3136 | D:11     | Killed a death yak
  3138 | D:11     | Killed Gastronok
  3138 | D:11     | Reached skill level 7 in Fighting
  3138 | D:11     | Reached skill level 8 in Dodging
  3138 | D:11     | Reached skill level 7 in Invocations
  3139 | D:11     | Killed a death yak
  3251 | D:12     | Found a flagged portal.
  3259 | Bailey   | Entered a bailey
  3273 | Bailey   | Learned a level 4 spell: Ice Form
  3324 | Bailey   | Reached **** piety under Cheibriados
  3427 | Bailey   | Got a crude leather armour
  3441 | Bailey   | Identified the +3 leather armour of Going Fast {rF- Int+2 Dex+6} (You found it in a bailey)
  3505 | D:11     | Noticed a cyan ugly thing
  3551 | D:12     | Found an iron altar of Okawaru.
  3653 | D:12     | Reached XP level 12. HP: 100/100 MP: 18/24
  3665 | D:12     | Reached ***** piety under Cheibriados
  3676 | D:12     | Found a staircase to the Orcish Mines.
  3689 | D:14     | Found Koawuunn's Food Boutique.
  3804 | D:14     | Reached skill level 7 in Transmutations
  3811 | D:14     | Found a frozen archway.
  3827 | IceCv    | Entered an ice cave
  3845 | IceCv    | Reached skill level 7 in Short Blades
  3845 | IceCv    | Reached skill level 7 in Long Blades
  3845 | IceCv    | Reached skill level 7 in Axes
  3845 | IceCv    | Reached skill level 7 in Maces & Flails
  3845 | IceCv    | Reached skill level 7 in Polearms
  3845 | IceCv    | Reached skill level 7 in Staves
  3845 | IceCv    | Reached skill level 7 in Slings
  3845 | IceCv    | Reached skill level 7 in Bows
  3845 | IceCv    | Reached skill level 7 in Crossbows
  3845 | IceCv    | Reached skill level 7 in Throwing
  3845 | IceCv    | Reached skill level 7 in Armour
  3845 | IceCv    | Reached skill level 7 in Stealth
  3845 | IceCv    | Reached skill level 7 in Shields
  3845 | IceCv    | Reached skill level 7 in Evocations
  3862 | IceCv    | Found a transporter.
  4016 | D:12     | Found a roughly hewn altar of Beogh.
  4037 | Orc:1    | Entered Level 1 of the Orcish Mines
  4083 | Orc:1    | Learned a level 2 spell: Song of Slaying
  4084 | Orc:2    | Entered Level 2 of the Orcish Mines
  4084 | Orc:2    | Noticed an orc warlord
  4084 | Orc:2    | Noticed Slobodan's ghost (journeyman TrMo)
  4088 | Orc:2    | Reached skill level 6 in Conjurations
  4088 | Orc:2    | Reached skill level 6 in Hexes
  4088 | Orc:2    | Reached skill level 6 in Charms
  4088 | Orc:2    | Reached skill level 6 in Summonings
  4088 | Orc:2    | Reached skill level 6 in Necromancy
  4088 | Orc:2    | Reached skill level 6 in Translocations
  4088 | Orc:2    | Reached skill level 6 in Fire Magic
  4088 | Orc:2    | Reached skill level 6 in Ice Magic
  4088 | Orc:2    | Reached skill level 6 in Air Magic
  4088 | Orc:2    | Reached skill level 6 in Earth Magic
  4088 | Orc:2    | Reached skill level 6 in Poison Magic
  4091 | Orc:2    | Reached skill level 8 in Invocations
  4132 | Orc:2    | Reached skill level 9 in Spellcasting
  4137 | Orc:2    | Noticed an orc warlord
  4168 | Orc:2    | Killed an orc warlord
  4175 | Orc:2    | Slain by an orc warlord

Vault maps used:
D:1:      eino_arrival_water_cross, tso_metal_star
D:2:      minmay_roachtagon, marbit_many_paths, first_ration,
          uniq_crazy_yiuf_cottage
D:4:      serial_shops, shop, roderic_st_hans_cross
D:5:      enter_ossuary_5, st_stairs_8, kennysheep_small_circle, uniq_pikel
D:6:      minmay_temple_entry_large_hall, serial_shops, shop, minivault_5
D:8:      grunt_temple_overflow_open, gammafunk_temple_overflow_wave,
          uniq_maurice
D:9:      kiku_gazebo_pond_becter, vehumet_statue, serial_curves,
          eino_curves_04, eino_curves_01, the_bakery
D:10:     basic_altar, nicolae_ashenzari_panopticon
D:11:     dpeg_lair_monsters, uniq_gastronok
D:12:     minmay_orc_entry_temple_small, enter_bailey_3,
          nicolae_trove_entry_crossroad, okawaru_ov_weapons_minmay, uniq_snorg
D:14:     erik_vaults_1, portal_ice_cave_rime, serial_shops, shop,
          lemuel_another_geyser
Temple:   oiseaux_autumnal_temple
Orc:1:    serial_shops, shop
Orc:2:    st_orc_rangers, basic_altar, serial_shops, nicolae_shop_crystal
Ossuary:  ossuary_tomb_3
Bailey:   bailey_axe_1, bailey
IceCv:    ice_cave_statue_garden_teleport

Skill      XL: |  1  2  3  4  5  6  7  8  9 10 11 12 |
---------------+-------------------------------------+-----
Spellcasting   | 5 6 7 8 9 |  9.0
Invocations    | 1 2 3 4 5 6 7 8 |  8.1
Short Blades   | 1 2 3 4 5 6 7 |  7.4
Long Blades    | 1 2 3 4 5 6 7 |  7.4
Axes           | 1 2 3 4 5 6 7 |  7.4
Maces & Flails | 1 2 3 4 5 6 7 |  7.4
Polearms       | 1 2 3 4 5 6 7 |  7.4
Staves         | 1 2 3 4 5 6 7 |  7.4
Slings         | 1 2 3 4 5 6 7 |  7.4
Bows           | 1 2 3 4 5 6 7 |  7.4
Crossbows      | 1 2 3 4 5 6 7 |  7.4
Throwing       | 1 2 3 4 5 6 7 |  7.4
Armour         | 1 2 3 4 5 6 7 |  7.4
Stealth        | 1 2 3 4 5 6 7 |  7.4
Shields        | 1 2 3 4 5 6 7 |  7.4
Evocations     | 1 2 3 4 5 6 7 |  7.4
Conjurations   | 1 2 3 4 5 6 |  6.1
Hexes          | 1 2 3 4 5 6 |  6.1
Charms         | 1 2 3 4 5 6 |  6.1
Summonings     | 1 2 3 4 5 6 |  6.1
Necromancy     | 1 2 3 4 5 6 |  6.1
Translocations | 1 2 3 4 5 6 |  6.1
Fire Magic     | 1 2 3 4 5 6 |  6.1
Ice Magic      | 1 2 3 4 5 6 |  6.1
Air Magic      | 1 2 3 4 5 6 |  6.1
Earth Magic    | 1 2 3 4 5 6 |  6.1
Poison Magic   | 1 2 3 4 5 6 |  6.1
Fighting       | 3 4 5 6 7 |  7.9
Transmutations | 4 5 6 7 |  7.3
Dodging        | 5 6 7 8 |  8.8
Unarmed Combat | 7 8 9 |  9.9

Action                   |  1- 3 |  4- 6 |  7- 9 | 10-12 || total
-------------------------+-------+-------+-------+-------++-------
Melee: Unarmed           |    96 |    99 |   226 |   233 ||   654
       Kick              |     5 |       |       |       ||     5
       Punch             |     2 |       |       |    13 ||    15
       Bite              |     2 |       |       |    17 ||    19
       Dagger            |     4 |       |       |    12 ||    16
       Headbutt          |     3 |       |       |       ||     3
 Fire: Hunting sling     |       |       |    28 |       ||    28
Throw: Tomahawk          |       |       |       |     5 ||     5
 Cast: Beastly Appendage |     7 |     1 |       |       ||     8
       Sticks to Snakes  |     2 |     6 |    16 |     8 ||    32
       Spider Form       |     6 |    15 |    26 |     2 ||    49
       Apportation       |       |       |     2 |    30 ||    32
       Blade Hands       |       |       |       |    18 ||    18
       Regeneration      |       |       |       |    11 ||    11
       Animate Skeleton  |       |       |       |     2 ||     2
       Ice Form          |       |       |       |     5 ||     5
Invok: Slouch            |       |       |       |     4 ||     4
 Abil: End Transformatio |     1 |       |     3 |     8 ||    12
Evoke: Wand              |       |       |     2 |    29 ||    31
  Use: Scroll            |       |     5 |     7 |     6 ||    18
       Potion            |       |     4 |     3 |     7 ||    14
 Stab: Sleeping          |     3 |     2 |     2 |     3 ||    10
       Distracted        |       |     1 |     4 |     1 ||     6
       Paralysed         |       |       |       |     5 ||     5
  Eat: Ration            |       |     1 |       |     1 ||     2
       Chunk             |       |       |     5 |     4 ||     9
Armor: Robe              |     9 |       |     7 |     6 ||    22
       Skin              |     2 |     2 |     3 |    40 ||    47
       Leather armour    |       |       |       |     4 ||     4
Dodge: Dodged            |    76 |    73 |   197 |   304 ||   650
Block: Buckler           |       |       |       |     4 ||     4

Table legend:
 A = Spawn XP
 B = Non-spawn XP
 C = Spawn XP percentage of total XP
 D = Spawn monster count
 E = Non-spawn monster count
 F = Spawn count percentage of total count
 G = Total turns spent on level
                    A         B        C        D         E        F      G
               +---------+---------+-------+---------+---------+-------+---------
         Total |       0 |   28120 |   0.0 |       0 |     298 |   0.0 |  4175
               +---------+---------+-------+---------+---------+-------+---------
           D:1 |       0 |      23 |   0.0 |       0 |      16 |   0.0 |   189
           D:2 |       0 |     110 |   0.0 |       0 |      24 |   0.0 |   293
           D:3 |       0 |      86 |   0.0 |       0 |       7 |   0.0 |   100
           D:4 |       0 |     141 |   0.0 |       0 |      11 |   0.0 |   457
           D:5 |       0 |    1028 |   0.0 |       0 |      16 |   0.0 |   305
           D:6 |       0 |     972 |   0.0 |       0 |      12 |   0.0 |   251
           D:7 |       0 |     526 |   0.0 |       0 |      10 |   0.0 |   253
           D:8 |       0 |     133 |   0.0 |       0 |       4 |   0.0 |   106
           D:9 |       0 |     911 |   0.0 |       0 |      25 |   0.0 |   387
          D:10 |       0 |    1446 |   0.0 |       0 |      17 |   0.0 |   259
          D:11 |       0 |   11309 |   0.0 |       0 |      25 |   0.0 |   352
          D:12 |       0 |    1436 |   0.0 |       0 |      25 |   0.0 |   191
          D:14 |       0 |    2257 |   0.0 |       0 |      13 |   0.0 |   137
         Orc:1 |       0 |      41 |   0.0 |       0 |       3 |   0.0 |    57
         Orc:2 |       0 |    3949 |   0.0 |       0 |      32 |   0.0 |    81
       Ossuary |       0 |     149 |   0.0 |       0 |      16 |   0.0 |   175
        Bailey |       0 |     850 |   0.0 |       0 |      32 |   0.0 |   231
         IceCv |       0 |    2753 |   0.0 |       0 |      10 |   0.0 |   115
               +---------+---------+-------+---------+---------+-------+---------

Table legend:
 A = Turns spent in this place as a percentage of turns spent in the entire game.
 B = Non-inter-level travel turns spent in this place as a percentage of non-inter-level travel turns spent in the entire game.
 C = Inter-level travel turns spent in this place as a percentage of turns spent in this place.
 D = Turns resting spent in this place as a percentage of non-inter-level travel turns spent in this place.
 E = Turns spent auto-exploring this place as a percentage of non-inter-level travel turns spent in this place.
 F = Non-inter-level travel turns spent in this place divided by the number of levels of this place that you've seen.
                   A       B       C       D       E      F
               +-------+-------+-------+-------+-------+----------------------
         Total | 100.0 | 100.0 |   1.2 |   0.0 |   0.0 | 206.2
       Dungeon |  80.8 |  81.1 |   0.8 |   0.0 |   0.0 | 238.9
        Temple |   3.4 |   2.9 |  16.1 |   0.0 |   0.0 | 120.0
  Orcish Mines |   3.3 |   3.3 |   0.0 |   0.0 |   0.0 |  69.0
       Ossuary |   4.2 |   4.2 |   0.0 |   0.0 |   0.0 | 175.0
        Bailey |   5.5 |   5.6 |   0.0 |   0.0 |   0.0 | 231.0
      Ice Cave |   2.8 |   2.8 |   0.0 |   0.0 |   0.0 | 115.0
               +-------+-------+-------+-------+-------+----------------------

Table legend:
 A = Kills in this place as a percentage of kills in entire the game.
 B = Kills by you in this place as a percentage of kills by you in the entire game.
 C = Kills by friends in this place as a percentage of kills by friends in the entire game.
 D = Other kills in this place as a percentage of other kills in the entire game.
 E = Experience gained in this place as a percentage of experience gained in the entire game.
 F = Experience gained in this place divided by the number of levels of this place that you have seen.
                   A       B       C       D       E      F
               +-------+-------+-------+-------+-------+----------------------
         Total | 100.0 | 100.0 | 100.0 |   N/A | 100.0 | 1406.0
       Dungeon |  68.8 |  67.6 |  92.9 |   N/A |  72.5 | 1455.6
  Orcish Mines |  11.7 |  12.0 |   7.1 |   N/A |  14.2 | 1995.0
       Ossuary |   5.4 |   5.6 |   0.0 |   N/A |   0.5 | 149.0
        Bailey |  10.7 |  11.3 |   0.0 |   N/A |   3.0 | 850.0
      Ice Cave |   3.4 |   3.5 |   0.0 |   N/A |   9.8 | 2753.0
               +-------+-------+-------+-------+-------+----------------------

Vault maps used:
D:1:      eino_arrival_water_cross, tso_metal_star
D:2:      minmay_roachtagon, marbit_many_paths, first_ration,
          uniq_crazy_yiuf_cottage
D:4:      serial_shops, shop, roderic_st_hans_cross
D:5:      enter_ossuary_5, st_stairs_8, kennysheep_small_circle, uniq_pikel
D:6:      minmay_temple_entry_large_hall, serial_shops, shop, minivault_5
D:8:      grunt_temple_overflow_open, gammafunk_temple_overflow_wave,
          uniq_maurice
D:9:      kiku_gazebo_pond_becter, vehumet_statue, serial_curves,
          eino_curves_04, eino_curves_01, the_bakery
D:10:     basic_altar, nicolae_ashenzari_panopticon
D:11:     dpeg_lair_monsters, uniq_gastronok
D:12:     minmay_orc_entry_temple_small, enter_bailey_3,
          nicolae_trove_entry_crossroad, okawaru_ov_weapons_minmay, uniq_snorg
D:14:     erik_vaults_1, portal_ice_cave_rime, serial_shops, shop,
          lemuel_another_geyser
Temple:   oiseaux_autumnal_temple
Orc:1:    serial_shops, shop
Orc:2:    st_orc_rangers, basic_altar, serial_shops, nicolae_shop_crystal
Ossuary:  ossuary_tomb_3
Bailey:   bailey_axe_1, bailey
IceCv:    ice_cave_statue_garden_teleport
